AoeStats
← estefanichka

Four Lakes

508377729Analyzed
1v1 RM · 10d ago on Sep 22, 2026· 32m 56s· 2 players
Game mode
Random Map
Map size
Tiny (2 player)
Population
200
Speed
Normal
Resources
Standard
Victory
Conquest
Starting age
Dark Age
Ending age
Imperial Age
RankedLock teamsTeams togetherTeam positionsShared explorationLock speedFull tech treeHidden civsTurbo modeCheats
Victory
Defeat
🇺🇸 Slavs · United States
942
+17
🇲🇽 Huns · Mexico
956
-17
estefanichka
7:12 Loom
11:56 Feudal Age
18:46 Castle Age
17:42 Bloodlines
17:45 Forging
17:00 Man-at-Arms
18:25 Scale Mail Armor
19:13 Wheelbarrow
18:56 Long Swordsman
23:29 Chain Mail Armor
25:55 Hand Cart
25:23 Horse Collar
25:34 Double-Bit Axe
27:38 Iron Casting
26:53 Pikeman
27:34 Squires
30:47 Scale Barding Armor
[VL] Meb
6:28 Loom
10:55 Feudal Age
13:21 Wheelbarrow
12:58 Double-Bit Axe
13:00 Horse Collar
22:26 Castle Age
20:40 Forging
22:18 Scale Mail Armor
22:23 Scale Barding Armor
23:30 Bloodlines
25:24 Chain Barding Armor
Connection lost

Rejoining the realm…

Still unreachable

The connection could not be restored.

Session expired

The server has moved on; the page needs a fresh start.